 Dungeon Crawl Stone Soup version 0.28.0 (webtiles) character file.

Game seed: 10404422822778381623

4414 Host24 the Quickloader (level 10, -2/61 HPs)
             Began as a Kobold Hunter on Feb 5, 2022.
             Was a Priest of Okawaru.
             Slain by a vampire (6 damage)
             ... on level 8 of the Dungeon.
             The game lasted 00:33:06 (13143 turns).

Host24 the Quickloader (Kobold Hunter)             Turns: 13143, Time: 00:33:06

Health: -2/61      AC: 15    Str: 13 (14) XL:     10   Next: 62%
Magic:  15/15      EV: 14    Int: 14      God:    Okawaru [***...]
Gold:   397        SH:  0    Dex: 16 (17) Spells: 9/9 levels left

rFire   + . .      SeeInvis .   F - +7 flail of the Common Good {vorpal, rC+ Str+3}
rCold   + + +      Faith    .   (no shield)
rNeg    . . .      Spirit   .   H - +3 scale mail of Yesterday {rF+}
rPois   .          Reflect  .   M - +0 helmet
rElec   .          Harm     .   y - +2 cloak
rCorr   .          Rampage  .   r - +0 pair of gloves
Will    .....                   (no boots)
Stlth   +.........              (no amulet)
HPRegen 0.20/turn               j - ring of protection from cold
MPRegen 0.14/turn               (no ring)

@: no status effects
A: small, no large weapons, nightstalker 3, cold resistance 1, wild magic 1,
MP-powered wands
a: Renounce Religion, Heroism


You were on level 8 of the Dungeon.
You worshipped Okawaru.
Okawaru was most pleased with you.
You visited 2 branches of the dungeon, and saw 10 of its levels.

You collected 457 gold pieces.
You spent 60 gold pieces at shops.

Inventory:

Hand Weapons
 a - a +2 hand crossbow
 f - a +2 dagger of venom
 F - the +7 flail of the Common Good (weapon) {vorpal, rC+ Str+3}
   (You found it on level 6 of the Dungeon)

   It inflicts extra damage upon your enemies.
   Str:       It affects your strength (+3).
   rC:        It protects you from cold.
Missiles
 d - 50 bolts
 e - 401 stones (quivered)
 n - 67 sling bullets
 o - 17 poisoned darts
 p - 131 arrows
 C - 2 boomerangs
 D - 2 curare-tipped darts
Armour
 q - a +2 robe of cold resistance
 r - a +0 pair of gloves (worn)
 y - a +2 cloak (worn)
 E - an orb of mayhem
 H - the +3 scale mail of Yesterday (worn) {rF+}
   (You found it on level 6 of the Dungeon)

   rF:        It protects you from fire.
 K - +0 acid dragon scales
 M - a +0 helmet (worn)
Jewellery
 j - a ring of protection from cold (left hand)
Wands
 b - a wand of mindburst (23)
 J - a wand of flame (18)
Scrolls
 c - a scroll of blinking
 i - a scroll of fear
 k - 4 scrolls of holy word
 s - a scroll of magic mapping
 t - a scroll of teleportation
 v - a scroll of enchant armour
 w - 2 scrolls of summoning
 x - a scroll of immolation
 A - 3 scrolls of silence
 I - 2 scrolls of amnesia
Potions
 h - a potion of attraction
 l - a potion of flight
 B - a potion of haste


   Skills:
 - Level 6.3 Fighting
 - Level 12.4 Crossbows
 + Level 4.4 Armour
 - Level 6.1 Dodging
 - Level 1.3 Stealth
 - Level 7.0 Invocations


You had 9 spell levels left.
You didn't know any spells.
Your spell library contained the following spells:

 Spells                   Type           Power      Damage    Failure   Level
 Blink                    Tloc           0%         N/A       92%         2
 Conjure Flame            Conj/Fire      0%         6-21      99%         3
 Ignite Poison            Fire/Tmut/Pois 0%         N/A       99%         3
 Lesser Beckoning         Tloc           0%         N/A       99%         3
 Sticky Flame             Conj/Fire      0%         2d3       100%        4
 Manifold Assault         Tloc           0%         N/A       100%        5


Dungeon Overview and Level Annotations

Branches:
Dungeon (9/15)             Temple (1/1) D:6
   Lair: D:8-11         Orc: D:9-12

Altars:
Ashenzari
Cheibriados
Dithmenos
Elyvilon
Fedhas
Gozag
Hepliaklqana
Kikubaaqudgha
Makhleb
Nemelex Xobeh
Okawaru
Qazlal
Ru
Sif Muna
Trog
Uskayaw
Vehumet
Wu Jian
Xom
Yredelemnul
Zin

Shops:
D:3 *   D:7 (

Annotations:
D:4 Menkaure


Innate Abilities, Weirdness & Mutations

You are small and have problems with some larger weapons.
You are completely attuned to the shadows.
Your flesh is cold resistant. (rC+)
Your spells are a little harder to cast, but a little more powerful.
You expend magic power (3 MP) to strengthen your wands.


Message History

You are confused.
You hear some strange, mumbled words.
You are more confused.
You hear some strange, mumbled words.
Something tries to affect you, but you resist.
You are more confused.
A vampire appears from thin air!
Reactivating autopickup.
The vampire casts a spell.
The vampire flickers and vanishes!
Deactivating autopickup; reactivate with Ctrl-A.
Something hits you but does no damage. Something barely misses you.
You hit something but do no damage. Something hits you.
* * * LOW HITPOINT WARNING * * *
Something bites you but does no damage. Something hits you but does no damage.
Something completely misses you. Something hits you but does no damage.
Something bites you!
* * * LOW HITPOINT WARNING * * *
Something draws strength from your injuries!
You are too confused!
Your magical effects are unravelling.
You feel magically purged.
You feel less confused. Something hits you but does no damage.
Something barely misses you.
It was a potion of mutation.
You feel extremely strange.
You feel your magical essence link to the dungeon's wands.
You feel less in control of your magic.
You feel resistant to cold. Something hits you.
* * * LOW HITPOINT WARNING * * *
Something bites you but does no damage.
Your +2 dagger of venom stops dripping with poison.
You feel stronger.
F - the +7 flail of the Common Good (weapon)
{vorpal, rC+ Str+3} You closely miss something.
Something hits you.
* * * LOW HITPOINT WARNING * * *
Something bites you.
* * * LOW HITPOINT WARNING * * *
Something draws strength from your injuries!
Something barely misses you. Something bites you.
You die...

.'......#####.######...........##
##.......................#.##....
#...#..............>.....#.#.....
#...#....................#.#.....
#.[.####...................#.....
#...# #.......>##.......###.....
#...# #........##.......# #.....
....###########..........# #.....
.........# #.@........# #.....
.........######.{...[)...###.....
#.................####...##......
#................[# #...##......
#.................# #...##......
..................# #...##......
..................## #...##......
...................# #...#####...
.........###.......###...#####...


There were no monsters in sight!

Vanquished Creatures
  Pikel (D:7)
  A wraith (D:9)
  3 yaks
  2 steam dragons
  An acid dragon (D:8)
  2 water moccasins
  A sky beast (D:5)
  An ice beast (D:7)
  An ogre (D:6)
  2 orc warriors
  A necrophage (D:3)
  A centaur (D:6)
  A lemure (D:7)
  2 phantoms
  A kobold brigand (D:7)
  3 bullfrogs
  A gnoll sergeant (D:7)
  10 scorpions
  A water moccasin zombie (D:5)
  2 killer bees
  3 wights (D:8)
  2 howler monkeys (D:7)
  A centaur zombie (D:8)
  2 hounds
  A gnoll shaman (D:4)
  Jessica (D:3)
  7 orc wizards
  4 iguanas
  3 killer bee zombies
  A hound skeleton (D:4)
  6 adders
  10 gnolls
  A howler monkey skeleton (D:5)
  A shadow imp (D:8)
  An ufetubus (D:4)
  An adder skeleton (D:5)
  2 worms (D:5)
  7 dart slugs
  17 orcs
  7 ball pythons
  10 endoplasms
  A giant cockroach (D:1)
  8 goblins
  9 hobgoblins
  3 jackals (D:2)
  5 quokkas
  7 bats
  4 frilled lizards
  10 kobolds
  8 rats
181 creatures vanquished.

Vanquished Creatures (others)
  An orc wizard (D:7)
1 creature vanquished.

Grand Total: 182 creatures vanquished

Notes
Turn   | Place    | Note
-------+----------+-------------------------------------------
     0 | D:1      | Host24 the Kobold Hunter began the quest for the Orb.
     0 | D:1      | Reached XP level 1. HP: 12/12 MP: 1/1
   307 | D:1      | Found a faded altar of an unknown god.
   314 | D:1      | Reached skill level 5 in Crossbows
   362 | D:1      | Reached XP level 2. HP: 17/18 MP: 2/2
   688 | D:1      | Reached XP level 3. HP: 23/23 MP: 3/3
  1508 | D:2      | Reached XP level 4. HP: 28/28 MP: 4/4
  1760 | D:2      | Reached skill level 6 in Crossbows
  2312 | D:2      | Reached XP level 5. HP: 22/32 MP: 5/5
  2799 | D:3      | Noticed Jessica
  2811 | D:3      | Killed Jessica
  2812 | D:3      | Reached skill level 7 in Crossbows
  3332 | D:3      | Found Levoroosu's Assorted Antiques.
  3702 | D:3      | Bought a scroll labelled YGYIRPH AF GEM for 20 gold pieces
  3702 | D:3      | Bought a scroll labelled AVVU TEPACK for 20 gold pieces
  3702 | D:3      | Bought a scroll labelled KUARUTWIRA for 20 gold pieces
  3735 | D:4      | Noticed a necrophage
  3789 | D:3      | Killed a necrophage
  3790 | D:3      | Reached skill level 8 in Crossbows
  3790 | D:3      | Reached XP level 6. HP: 31/37 MP: 6/6
  4331 | D:4      | Noticed Menkaure
  4551 | D:4      | Reached XP level 7. HP: 31/41 MP: 7/7
  4555 | D:4      | Reached skill level 9 in Crossbows
  5489 | D:5      | Entered Level 5 of the Dungeon
  5540 | D:5      | Reached skill level 10 in Crossbows
  6012 | D:5      | Reached XP level 8. HP: 47/48 MP: 8/8
  6564 | D:5      | Reached skill level 5 in Fighting
  6992 | D:6      | Identified the +7 flail of the Common Good {vorpal, rC+
                  | Str+3}
  7153 | D:6      | Found a staircase to the Ecumenical Temple.
  7175 | Temple   | Entered the Ecumenical Temple
  7663 | Temple   | Became a worshipper of Warmaster Okawaru
  7975 | D:6      | Reached skill level 5 in Dodging
  8265 | D:6      | Reached XP level 9. HP: 55/56 MP: 9/9
  8365 | D:6      | Identified the +3 scale mail of Yesterday {rF+}
  8480 | D:7      | Reached * piety under Okawaru
  9097 | D:7      | Reached skill level 5 in Invocations
  9251 | D:7      | Found Niextu Tooq's Weapon Shop.
  9971 | D:8      | Noticed Pikel
 10261 | D:7      | Reached ** piety under Okawaru
 10299 | D:7      | Killed Pikel
 10300 | D:7      | Reached skill level 11 in Crossbows
 10300 | D:7      | Reached XP level 10. HP: 45/61 MP: 13/15
 10414 | D:8      | Noticed a two-headed ogre
 11121 | D:8      | Reached skill level 12 in Crossbows
 11293 | D:8      | Reached skill level 1 in Armour
 12799 | D:9      | Reached *** piety under Okawaru
 13141 | D:8      | Gained mutation: You expend magic power (3 MP) to
                  | strengthen your wands. [potion of mutation]
 13141 | D:8      | Gained mutation: Your spells are a little harder to cast,
                  | but a little more powerful. [potion of mutation]
 13141 | D:8      | Gained mutation: Your flesh is cold resistant. (rC+)
                  | [potion of mutation]
 13143 | D:8      | Slain by a vampire

Illustrated notes

Levels and vault maps discovered:
D:1:      evilmike_arrival_rings, layout_loops_ring,
          ebering_ecumenical_altar_mist
D:2:      layout_basic
D:3:      layout_basic, serial_shops, nicolae_shop_overgrown_old_shop,
          uniq_jessica
D:4:      layout_gridville, uniq_menkaure
D:5:      layout_loops_ring, hex_tiny
D:6:      nicolae_whirlpool, layout_gridville, minmay_temple_entry_slanted
D:7:      layout_loops_ring, serial_shops, nicolae_shop_bloodbath_and_beyond
D:8:      layout_basic, uniq_pikel
D:9:      minmay_the_grid_3x2 [minmay_the_grid_paths,
          minmay_the_grid_aliased_spiral, minmay_the_grid_diamond_grid,
          minmay_the_grid_rooms, minmay_the_grid_expand,
          minmay_the_grid_prize_big_room], layout_rooms, tso_metal_star,
          serial_shops, shop
Temple:   mainiacjoe_temple_trianglar_array

Skill      XL: |  1  2  3  4  5  6  7  8  9 10 |
---------------+-------------------------------+-----
Crossbows      | 5 6 8 10 11 12 | 12.4
Fighting       | 3 4 6 |  6.3
Dodging        | 3 6 |  6.1
Invocations    | 7 |  7.0
Armour         | 4 |  4.4
Stealth        | |  1.3

Action                   |  1- 3 |  4- 6 |  7- 9 | 10-12 || total
-------------------------+-------+-------+-------+-------++-------
Melee: Short sword       |    96 |   158 |   113 |       ||   367
       Punch             |     1 |       |     4 |     6 ||    11
       Flail             |       |       |    97 |    69 ||   166
       Dagger            |       |       |       |    47 ||    47
       Hand crossbow     |       |       |       |     1 ||     1
 Fire: Hand crossbow     |     1 |    59 |   144 |    70 ||   274
Invok: Heroism           |       |       |     1 |     2 ||     3
  Use: Potion            |       |     1 |       |    10 ||    11
       Scroll            |       |       |       |    17 ||    17
 Stab: Sleeping          |    13 |    10 |     5 |       ||    28
Armor: Leather armour    |    14 |    20 |       |       ||    34
       Robe              |       |    25 |    48 |       ||    73
       Scale mail        |       |       |    44 |   130 ||   174
Dodge: Dodged            |    66 |   168 |   258 |   150 ||   642
